 Dungeon Crawl Stone Soup version 0.30-a0-956-gcec3b41aec (webtiles) character file.

Game seed: 10773123543112467217

26 Dirtsage the Chopper (level 2, -1/24 HPs)
             Began as a Demonspawn Fighter on Mar 29, 2023.
             Slain by an adder (3 damage)
             ... on level 2 of the Dungeon.
             The game lasted 00:01:45 (881 turns).

Dirtsage the Chopper (Demonspawn Fighter)            Turns: 881, Time: 00:01:46

Health: -1/24      AC:  6    Str: 16    XL:     2   Next: 89%
Magic:  2/2        EV:  8    Int:  9    God:
Gold:   68         SH:  4    Dex: 12    Spells: 1/1 levels left

rFire   . . .      SeeInvis .    a - +0 war axe
rCold   . . .      Faith    .    c - +0 buckler
rNeg    . . .      Spirit   .    b - +0 scale mail
rPois   .          Reflect  .    (no helmet)
rElec   .          Rampage  .    (no cloak)
rCorr   .                        (no gloves)
Will    .....                    (no boots) Stlth
                                 (no amulet)
HPRegen 0.24/turn                (no ring)
MPRegen 0.08/turn                (no ring)

@: lethally poisoned (-1 -> -5)
A: demonic guardian 1
a: no special abilities


You were on level 2 of the Dungeon.
You visited 1 branch of the dungeon, and saw 2 of its levels.

You collected 68 gold pieces.

Inventory:

Hand Weapons
 a - a +0 war axe (weapon)
Armour
 b - a +0 scale mail (worn)
 c - a +0 buckler (worn)
Wands
 i - a wand of charming (8)
Scrolls
 e - 3 scrolls of identify {unknown}
 f - 3 scrolls of fog {unknown}
 h - a scroll of immolation {unknown}
Potions
 d - a potion of might
 g - 2 potions of curing {unknown}
 j - a potion of haste {unknown}


   Skills:
 - Level 3.0 Fighting
 + Level 3.1 Axes
 - Level 2.6 Armour
 - Level 2.6 Shields


You had one spell level left.
You didn't know any spells.
Your spell library was empty.

Dungeon Overview and Level Annotations

Branches:
Dungeon (2/15)

Altars:


Innate Abilities, Weirdness & Mutations

A weak demonic guardian rushes to your aid.


Message History

You barely miss the adder.
The adder is lightly wounded.
You feel very sick. You block the adder's attack.
The adder bites you but does no damage.
You take 3 damage, and have 14/24 hp.
You are too injured to fight recklessly!
You are too injured to fight recklessly!
You miss the adder.
You feel sick. You block the adder's attack.
The adder bites you but does no damage.
You take 1 damage, and have 13/24 hp.
You miss the adder.
You feel sick. You block the adder's attack. The adder barely misses you.
You take 1 damage, and have 12/24 hp.
You hit the adder.
The adder is lightly wounded.
You feel sick. The adder bites you but does no damage. The adder bites you.
You are more poisoned.
The adder poisons you!
You take 2 damage, and have 10/24 hp.
You slash the adder!
The adder is almost dead.
You feel sick. The adder barely misses you. You block the adder's attack.
You take 1 damage, and have 9/24 hp.
You closely miss the adder.
The adder is almost dead.
You feel sick. The adder closely misses you.
You take 2 damage, and have 7/24 hp.
You closely miss the adder.
The adder is almost dead.
You feel sick. The adder bites you but does no damage. The adder bites you.
* * * LOW HITPOINT WARNING * * *
You are lethally poisoned!
The adder poisons you!
You take 2 damage, and have 5/24 hp.
You completely miss the adder.
The adder is almost dead.
* * * LOW HITPOINT WARNING * * *
You feel very sick. The adder bites you but does no damage.
The adder bites you.
You die...

+..##.##+#
#.##>##.########
#...<.#........#
#.....#........#
####.###.###......(...#
...........####.......#
.#########.## #.......#
### #...###.......#...
#.@.+.........#.#
#.S.##.####.....###
#...##.####.......#
#...##.......#.##.#
#..>....#.#.......#
#.......#.#..#..#.#
#.............(.# #
#########.#.....# #...#
#......#.##


You could see an adder.

Vanquished Creatures
  A worm (D:2)
  2 ball pythons (D:1)
  An endoplasm (D:1)
  3 goblins (D:1)
  4 hobgoblins
  2 jackals (D:1)
  A quokka (D:1)
  3 bats
  2 frilled lizards
  A kobold (D:2)
  2 rats
22 creatures vanquished.

Vanquished Creatures (collateral kills)
  A kobold (D:1)
1 creature vanquished.

Grand Total: 23 creatures vanquished

Notes
Turn   | Place    | Note
-------+----------+-------------------------------------------
     0 | D:1      | Dirtsage the Demonspawn Fighter began the quest for the
                  | Orb.
     0 | D:1      | Reached XP level 1. HP: 18/18 MP: 1/1
    97 | D:1      | Found a faded altar of an unknown god.
   140 | D:1      | Gained mutation: A weak demonic guardian rushes to your
                  | aid. [demonic ancestry]
   140 | D:1      | Reached XP level 2. HP: 22/24 MP: 2/2
   881 | D:2      | Slain by an adder

Illustrated notes

Levels and vault maps discovered:
D:1:      scummos_arrival_hexagon, layout_basic,
          shapermc_ecumenical_altar_pompeii, nicolae_titane
D:2:      layout_basic

Skill      XL: |  1  2 |
---------------+-------+-----
Axes           | 2 3 |  3.1
Fighting       | |  3.0
Armour         | |  2.6
Shields        | |  2.6

Action                     || total
---------------------------++-------
  Melee: War axe           ||    92
 Armour: Scale mail        ||    45
  Dodge: Dodged            ||    50
  Block: Buckler           ||    23

Table legend: (Time is in decaauts)
 A = Elapsed time spent in this place.
 B = Non-inter-level travel time spent in this place.
 C = Inter-level travel time spent in this place.
 D = Time resting spent in this place.
 E = Time spent auto-exploring this place.
 F = Levels seen in this place.
 G = Mean time per level.
                   A        B        C        D        E       F      G
               +--------+--------+--------+--------+--------+-----+--------+
         Total |    918 |    901 |     17 |      0 |    690 |   2 |  459.0 |
       Dungeon |    918 |    901 |     17 |      0 |    690 |   2 |  459.0 |
               +--------+--------+--------+--------+--------+-----+--------+

Top non-repeatable levels by time:
     D:1: 756 daAuts
     D:2: 162 daAuts
